 BcadrenCrawl: Boulder Brew version 0.06-744-gf22570f5e0 (webtiles) character file.

Game seed: 8390266918815488749

196 LabCoat the Skirmisher (level 5, -4/69 HPs) Hill Orc Fighter. Began on Mar 5, 2023. Splashed by a jelly's acid (6 damage) ... on level 2 of the Dungeon. The game lasted 00:02:34 (733 turns).

LabCoat the Skirmisher (Hill Orc Fighter)            Turns: 733, Time: 00:02:35

Health: -4/69      AC: -4    Str: 25    XL:     5 ^: 38
Magic:  5/5        EV:  9    Int:  8    God:
Gold:   70         SH:  7    Dex: 10    Spells: 4/4 levels left

rFire    . . .     Slash    .   a - +0 war axe
rCold    . . .     Pierce   .   c - +0 heater shield
rNeg     . . .     Bludgeon .   b - +0 scale mail
rCorr    . . .     Vision   .   (no helmet)
rPois    .         Gourm    .   (no cloak)
rElec    .         Faith    .   (no gloves)
MR       .....     Spirit   .   (no boots)
HPRegen  0.33/turn Reflect  .   (no amulet)
MPRegen  0.15/turn Harm     .   (no ring)
Stlth    ..........             (no ring)

@: mighty, lethally poisoned (-4 -> -5), corroded
A: soft flesh
a: no special abilities


You were on level 2 of the Dungeon.
You were not hungry.

You visited 1 branch of the dungeon, and saw 2 of its levels.

You collected 70 gold pieces.

Inventory:

Weapons
 a - a +0 war axe (weapon) Shields
 c - a +0 heater shield (shield)
Armour
 b - a +0 scale mail (worn)
Scrolls
 e - a scroll of magic mapping
 i - a scroll of enchantment
 k - a scroll of blinking
Potions
 h - a potion of agility
Comestibles
 f - 4 rations
 g - a chunk of flesh


   Skills:
 * Level 4.9 Fighting
 * Level 4.4 Axes & Hammers
 + Level 3.9 Armour
 + Level 1.2 Dodging
 * Level 4.4 Shields


You had 4 spell levels left.
You didn't know any spells.
Your spell library was empty.

Dungeon Overview and Level Annotations

Branches:
Dungeon (2/8)

Altars:


Innate Abilities, Weirdness & Mutations

((Your soft flesh is weak to deep cuts.
Heavy manmade armour will nullify this weakness. (rSlashing-)))


Message History

You feel sick. (1)
The jelly barely misses you. The jelly hits you (1). The acid corrodes you!
You are splashed with acid (7)!
* * * LOW HITPOINT WARNING * * *
You block the jelly's attack.
You hit the jelly (4).
It resists.
Your hands burn (2).
* * * LOW HITPOINT WARNING * * *
The jelly is heavily wounded. (13/24) HP You hit the jelly (1).
It resists.
You hit the kobold (3).
She is lacerated severely!
You kill the kobold!
You feel sick. (1)
The jelly hits you (3).
* * * LOW HITPOINT WARNING * * *
The acid corrodes you!
You are splashed with acid (9)!
* * * LOW HITPOINT WARNING * * *
The jelly hits you (3).
* * * LOW HITPOINT WARNING * * *
You are splashed with acid (6).
You die...

≈≈PP≈.
.....P
...≈#
#[...
≈...
##..#
#JJ#
#@)#
#))#
##...
≈..#
$≈##
###


You could see 2 jellies.

Vanquished Creatures
  2 big kobolds (D:2)
  A giant cockroach (D:2)
  An adder (D:2)
  A leopard gecko (D:1)
  3 bats (D:1)
  5 goblins (D:1)
  2 hobgoblins (D:1)
  16 kobolds
  5 rats (D:1)
36 creatures vanquished.

Notes
Turn   | Place    | Note
-------+----------+-------------------------------------------
     0 | D:1      | LabCoat the Hill Orc Fighter began the quest for the Orb.
     0 | D:1      | Reached XP level 1. HP: 29/29 MP: 1/1
     0 | D:1      | Noticed an orb of fire
     0 | D:1      | Noticed a golden dragon
     3 | D:1      | Noticed a lime draconian
     7 | D:1      | Noticed a tentacled monstrosity
    10 | D:1      | Noticed an iron dragon
    12 | D:1      | Noticed a golden draconian
    12 | D:1      | Noticed an orb of fire
    13 | D:1      | Noticed a bone draconian
    14 | D:1      | Noticed an iron dragon
    16 | D:1      | Noticed a golden dragon
    18 | D:1      | Noticed a tentacled monstrosity
   219 | D:1      | Reached XP level 2. HP: 39/39 MP: 2/2
   720 | D:2      | Noticed a big kobold
   722 | D:2      | Reached XP level 3. HP: 40/49 MP: 3/3
   726 | D:2      | Noticed a big kobold
   730 | D:2      | Killed a big kobold
   730 | D:2      | Reached skill level 1 in Dodging
   730 | D:2      | Reached XP level 4. HP: 37/59 MP: 4/4
   730 | D:2      | Reached XP level 5. HP: 44/69 MP: 5/5
   733 | D:2      | HP: 2/69 [jelly (3)]
   733 | D:2      | Splashed by a jelly's acid

Illustrated notes

Levels and vault maps discovered:
D:1:      shiori_arrival_whats_in_store_for_you, layout_basic
D:2:      layout_sewer, bloody_trog, first_ration, minmay_manual_mess

Skill      XL: |  1  2  3 |
---------------+----------+-----
Axes & Hammers | 3 4 |  4.4
Fighting       | 4 |  4.9
Dodging        | 1 |  1.2
Shields        | 4 |  4.4
Armour         | |  3.9

Action                   |  1- 3 |  4- 6 || total
-------------------------+-------+-------++-------
Melee: War axe           |    30 |     3 ||    33
Throw: Stone             |     1 |       ||     1
       Rusty metal       |     1 |       ||     1
       Bone              |     1 |       ||     1
  Use: Potion            |     2 |       ||     2
Armor: Scale mail        |    19 |     3 ||    22
Dodge: Dodged            |    12 |     1 ||    13
Block: Heater shield     |    14 |     3 ||    17
